 Dungeon Crawl Stone Soup version 0.25-a0-647-gd602d06ee1 (webtiles) character file.

Game seed: 16099447128211677859, levelgen mode: deterministic

42421 funkygono the Bludgeoner (level 13, 0/116 HPs)
             Began as a Minotaur Fighter on Mar 21, 2020.
             Was a High Priest of Okawaru.
             Killed by divine providence
             ... invoked by an orc high priest
              (13 damage)
             ... on level 2 of the Orcish Mines.
             The game lasted 01:08:35 (15832 turns).

funkygono the Bludgeoner (Minotaur Fighter)        Turns: 15832, Time: 01:08:37

Health: 0/116      AC: 34    Str: 22    XL:     13   Next: 85%
Magic:  13/19      EV: 14    Int:  5    God:    Okawaru [*****.]
Gold:   1113       SH: 21    Dex: 19    Spells: 13/14 levels left

rFire    . . .     SeeInvis .   a - +5 morningstar (drain)
rCold    + . .     Gourm    .   c - +2 kite shield
rNeg     . . .     Faith    .   s - +7 plate armour of Circular Logic {*Corrode Dex+5}
rPois    .         Spirit   .   (helmet restricted)
rElec    .         Reflect  +   B - +0 cloak
rCorr    .         Harm     .   C - +0 pair of gloves
MR       .....                  S - +0 pair of boots {Fly}
Stlth    ..........             E - +3 amulet of reflection
HPRegen  0.29/turn              y - +5 ring of protection
MPRegen  0.16/turn              J - ring of protection from cold

@: heroism, finesse, flying
A: retaliatory headbutt, horns 2
a: Heroism, Finesse, Renounce Religion, Stop Flying


You were on level 2 of the Orcish Mines.
You worshipped Okawaru.
Okawaru was extremely pleased with you.
You were hungry.

You visited 3 branches of the dungeon, and saw 16 of its levels.
You also visited: Sewer and Volcano.

You collected 1113 gold pieces.

Inventory:

Hand Weapons
 a - a +5 morningstar of draining (weapon)
 b - a +1 fustibalus of flaming
 g - a +1 whip of electrocution
 j - a +4 vorpal hand crossbow
Missiles
 k - 123 bolts
 m - 336 stones
 p - 14 sling bullets
 G - 144 arrows (quivered)
Armour
 c - a +2 kite shield (worn)
 s - the +7 plate armour of Circular Logic (worn) {*Corrode Dex+5}
   (Okawaru gifted it to you on level 1 of the Orcish Mines)

   It affects your dexterity (+5).
   It may corrode you when you take damage.
 B - a +0 cloak (worn)
 C - a +0 pair of gloves (worn)
 S - a +0 pair of boots of flying (worn)
 T - a +2 chain mail of fire resistance
Jewellery
 y - a +5 ring of protection (left hand)
 E - a +3 amulet of reflection (around neck)
 H - an uncursed amulet of faith
 J - a ring of protection from cold (right hand)
 K - a +3 ring of dexterity
Wands
 w - a wand of flame (19)
Scrolls
 e - 6 scrolls of fear
 h - 4 scrolls of amnesia
 o - 8 scrolls of remove curse
 r - a scroll of fog
 u - 2 scrolls of teleportation
 v - 4 scrolls of blinking
 A - 4 scrolls of identify
Potions
 d - a potion of might
 i - 2 potions of lignification
 l - a potion of heal wounds
 n - 6 potions of curing
 q - a potion of berserk rage
 t - a potion of haste
 x - a potion of stabbing
 z - a potion of mutation
 D - a potion of ambrosia
 I - a potion of magic
 Q - 3 potions of brilliance
Comestibles
 f - 18 rations


   Skills:
 + Level 11.2(16.2) Fighting
 + Level 15.2(20.2) Maces & Flails
 + Level 3.2(8.2) Slings
 + Level 3.0(8.0) Crossbows
 + Level 11.5(16.5) Armour
 + Level 4.7(9.7) Dodging
 + Level 0.7(5.7) Stealth
 + Level 12.7(17.7) Shields
 + Level 1.1 Spellcasting
 + Level 1.0 Earth Magic
 * Level 10.1 Invocations


You had 13 spell levels left.
You knew the following spells:

 Your Spells              Type           Power        Failure   Level  Hunger
a - Sandblast             Erth           #.....       95%         1    ##.....

Your spell library contained the following spells:

 Spells                   Type           Power        Failure   Level  Hunger
 Magic Dart               Conj           #...         99%         1    ##.....
 Shock                    Conj/Air       #...         99%         1    ##.....
 Passwall                 Tmut/Erth      #.......     99%         2    ###....
 Searing Ray              Conj           #.....       99%         2    ###....
 Swiftness                Chrm/Air       #.......     99%         2    ###....
 Confusing Touch          Hex            #.......     100%        3    ####...
 Dazzling Flash           Conj/Hex       #.....       100%        3    ####...
 Gell's Gravitas          Tloc           #.........   100%        3    ####...
 Static Discharge         Conj/Air       #.......     100%        3    ####...
 Stone Arrow              Conj/Erth      #.....       100%        3    ####...
 Airstrike                Air            #.........   100%        4    #####..
 Fulminant Prism          Conj/Hex       #.........   100%        4    #####..
 Iskenderun's Mystic Bla  Conj/Tloc      #.......     100%        4    #####..
 Petrify                  Tmut/Erth      #.......     100%        4    #####..
 Lee's Rapid Deconstruct  Erth           #.........   100%        5    ######.
 Lightning Bolt           Conj/Air       #.........   100%        5    ######.
 Metabolic Englaciation   Hex/Ice        #.........   100%        5    ######.
 Yara's Violent Unravell  Hex/Tmut       #.........   100%        5    ######.


Dungeon Overview and Level Annotations

Branches:
Dungeon (9/15)             Temple (0/1) D:5            Lair (5/6) D:9
 Shoals (0/4) Lair:2        Snake (0/4) Lair:3        Slime (0/5) Lair:5
    Orc (2/2) D:9             Elf (0/3) Orc:2         Sewer (visited)
Volcano (visited)

Altars:
Elyvilon
Fedhas
Hepliaklqana
Makhleb
Nemelex Xobeh
Okawaru
Trog
Vehumet
Xom
Zin

Shops:
D:5 =   Orc:1 [

Annotations:
Lair:5 exclusion: 6 oklob plants


Innate Abilities, Weirdness & Mutations

You reflexively headbutt those who attack you in melee.
You have a pair of horns on your head.


Message History

* * * LOW HITPOINT WARNING * * *
The sixfirhy shocks you!
* * * LOW HITPOINT WARNING * * *
You hit the orc warrior but do no damage.
You headbutt the orc warrior, but do no damage.
You block the sixfirhy's attack. You block the orc warrior's attack.
You block the sixfirhy's attack. The orc warrior closely misses you.
You puncture the orc warrior!
The orc warrior is moderately wounded.
You block the sixfirhy's attack. x2; You block the orc's attack.
The orc knight roars a battlecry!
The orc priest goes into a battle-frenzy!
The orc warrior completely misses you.
You hit the orc warrior but do no damage.
You drain the orc warrior. You headbutt the orc warrior.
The orc warrior is heavily wounded.
You block the sixfirhy's attack.
The orc high priest calls down the wrath of Beogh upon you.
Beogh smites you!
You die...

### ##### ###### #####
...####.#.###.##.###.#.#
.......#.....#......#.....
.............##.<....#...#
....#.........#..)....#.#.
...............#......)...
......>oo[$........)..รท..
#.#...o@o..........#...#
...#.([o33o...............
......[[3oo...............
......)o[........<........
......................#...
....((....................
..........................
.........o................
.......#..................


You could see an orc knight, an orc high priest, 2 sixfirhies, a smoke demon, an
orc sorcerer, 3 orc warriors, an orc priest, an orc wizard and 2 orcs.

Vanquished Creatures
  An orc warlord (Orc:2)
  Snorg (Lair:5)
  5 hydras
  2 orc high priests (Orc:2)
  5 death yaks (Lair:5)
  Urug (Orc:1)
  A fire crab (Lair:5)
  A hell knight (Volcano)
  An unseen horror (D:9)
  8 orc knights (Orc:1)
  4 orc sorcerers
  4 elephants (Lair:4)
  4 black mambas
  Maurice (Orc:1)
  12 spiny frogs
  2 rime drakes (Lair:5)
  5 komodo dragons
  2 trolls
  A hornet (D:9)
  6 dream sheep (Lair:5)
  7 hippogriffs
  A spriggan (D:8)
  A wraith (D:9)
  7 yaks (Lair:5)
  3 basilisks
  9 water moccasins
  4 nagas (Lair:3)
  7 wargs
  7 porcupines
  26 orc warriors
  3 sky beasts
  2 ice beasts
  6 ogres
  A black bear (D:7)
  A necrophage (D:5)
  6 centaurs
  13 wolves
  10 crocodiles
  6 bullfrogs
  4 scorpions
  11 wights
  An electric eel (Lair:5)
  4 howler monkeys (D:7)
  A crimson imp (D:7)
  A bullfrog zombie (D:6)
  2 hounds
  A jelly (D:7)
  A bullfrog skeleton (D:4)
  16 orc priests
  2 centaur skeletons
  3 iguanas
  14 orc wizards
  4 worker ants
  A hound skeleton (D:4)
  A worker ant zombie (D:6)
  6 gnolls
  A river rat (D:5)
  15 adders
  2 shadow imps
  2 oozes
  9 worms
  4 dart slugs
  5 leopard geckos
  72 orcs
  4 ball pythons (Sewer)
  11 giant cockroaches
  9 goblins
  7 hobgoblins
  2 jackals (D:4)
  9 kobolds
  3 quokkas
  11 bats
  11 frilled lizards
  2 quokka skeletons
  13 rats
  21 plants (D:9)
473 creatures vanquished.

Vanquished Creatures (others)
  A centaur warrior (Volcano)
  A yaktaur (Volcano)
  2 centaurs (Volcano)
  5 fungi
  3 plants
12 creatures vanquished.

Grand Total: 485 creatures vanquished

Notes
Turn   | Place    | Note
-------+----------+-------------------------------------------
     0 | D:1      | funkygono the Minotaur Fighter began the quest for the Orb.
     0 | D:1      | Reached XP level 1. HP: 19/19 MP: 0/0
   108 | D:1      | Reached XP level 2. HP: 27/27 MP: 1/1
   858 | D:2      | Found an iron altar of Okawaru.
   874 | D:2      | Became a worshipper of Warmaster Okawaru
   926 | D:2      | Reached XP level 3. HP: 33/33 MP: 2/2
  1021 | D:2      | Reached skill level 3 in Maces & Flails
  1075 | D:2      | Noticed a moth of wrath
  1078 | D:2      | Found a bloodstained altar of Trog.
  1237 | D:2      | Reached XP level 4. HP: 27/40 MP: 3/3
  1388 | D:2      | Reached skill level 1 in Dodging
  1599 | D:2      | Reached skill level 4 in Maces & Flails
  2012 | D:3      | Reached XP level 5. HP: 39/47 MP: 4/4
  2031 | D:3      | Found a glowing silver altar of Zin.
  2072 | D:3      | Found a blossoming altar of Fedhas.
  2615 | D:3      | Found a burning altar of Makhleb.
  2687 | D:3      | Found a white marble altar of Elyvilon.
  2865 | D:4      | Reached XP level 6. HP: 53/53 MP: 5/5
  2882 | D:4      | Reached skill level 5 in Shields
  2905 | D:4      | Reached skill level 5 in Maces & Flails
  2923 | D:4      | Reached * piety under Okawaru
  2925 | D:4      | Reached skill level 5 in Armour
  3401 | D:4      | Reached skill level 5 in Fighting
  3401 | D:4      | Reached XP level 7. HP: 55/61 MP: 6/6
  4157 | D:5      | Entered Level 5 of the Dungeon
  4180 | D:5      | Found a staircase to the Ecumenical Temple.
  4290 | D:5      | Reached skill level 6 in Maces & Flails
  4292 | D:5      | Reached ** piety under Okawaru
  4378 | D:5      | Found Dethaulu's Jewellery Boutique.
  4605 | D:5      | Found a glowing drain.
  4609 | Sewer    | Entered a sewer
  5480 | D:6      | Reached XP level 8. HP: 64/68 MP: 7/7
  5787 | D:6      | Reached skill level 7 in Maces & Flails
  6486 | D:7      | Found a shimmering altar of Xom.
  6621 | D:7      | Reached *** piety under Okawaru
  6706 | D:7      | Found a hazy altar of Hepliaklqana.
  6708 | D:7      | Found a sparkling altar of Nemelex Xobeh.
  6708 | D:7      | Found a radiant altar of Vehumet.
  6770 | D:7      | Reached skill level 8 in Maces & Flails
  6770 | D:7      | Reached skill level 1 in Invocations
  6984 | D:8      | Reached XP level 9. HP: 73/78 MP: 5/8
  7382 | D:8      | Reached skill level 9 in Maces & Flails
  7622 | D:8      | Reached **** piety under Okawaru
  7782 | D:9      | Found a staircase to the Orcish Mines.
  7843 | D:9      | Paralysed by a hornet for 2 turns
  7862 | D:9      | Reached XP level 10. HP: 40/86 MP: 8/11
  8153 | D:9      | Killed an unseen horror
  8153 | D:9      | Reached skill level 10 in Maces & Flails
  8430 | D:9      | Found a staircase to the Lair.
  8676 | Lair:1   | Entered Level 1 of the Lair of Beasts
  8683 | Lair:1   | Noticed a spiny frog
  8685 | Lair:1   | Reached ***** piety under Okawaru
  8702 | Lair:1   | Killed a spiny frog
  8779 | Lair:1   | Noticed a spiny frog
  8779 | Lair:1   | Noticed a spiny frog
  8790 | Lair:1   | Killed a spiny frog
  8796 | Lair:1   | Killed a spiny frog
  8796 | Lair:1   | Reached skill level 5 in Invocations
  8919 | Lair:1   | Noticed a spiny frog
  8928 | Lair:1   | Killed a spiny frog
  8928 | Lair:1   | Reached skill level 10 in Armour
  9015 | Lair:1   | Learned a level 1 spell: Sandblast
  9016 | Lair:1   | Noticed a black mamba
  9019 | Lair:1   | Reached skill level 11 in Maces & Flails
  9024 | Lair:1   | Killed a black mamba
  9051 | Lair:1   | Received a gift from Okawaru
  9054 | Lair:1   | Got a warped longbow {god gift}
  9074 | Lair:1   | Noticed a spiny frog
  9080 | Lair:1   | Killed a spiny frog
  9218 | Lair:1   | Reached XP level 11. HP: 92/95 MP: 14/14
  9583 | Lair:1   | Identified the +7 longbow "Ledghemp" {freeze, Dex+5}
                  | (Okawaru gifted it to you on level 1 of the Lair of Beasts)
  9778 | Lair:2   | Found a staircase to the Shoals.
  9936 | Lair:2   | Reached skill level 12 in Maces & Flails
 10338 | Lair:3   | Received a gift from Okawaru
 10671 | Lair:3   | Noticed a seven-headed hydra
 10677 | Lair:3   | Killed a seven-headed hydra
 10834 | Lair:3   | Found a staircase to the Snake Pit.
 10983 | Lair:3   | Received a gift from Okawaru
 11337 | Lair:4   | Reached skill level 13 in Maces & Flails
 11337 | Lair:4   | Noticed an eight-headed hydra
 11350 | Lair:4   | Killed an eight-headed hydra
 11363 | Lair:4   | Reached skill level 10 in Shields
 11370 | Lair:4   | Reached XP level 12. HP: 57/105 MP: 16/16
 11375 | Lair:4   | Reached skill level 1 in Earth Magic
 11700 | Lair:4   | Found a dark tunnel.
 11705 | Volcano  | Entered a volcano
 11721 | Volcano  | Noticed a centaur warrior
 11742 | Volcano  | Found a bloodstained altar of Trog.
 11751 | Volcano  | Killed a centaur warrior
 11876 | Volcano  | Received a gift from Okawaru
 12499 | Lair:5   | Noticed a four-headed hydra
 12506 | Lair:5   | Noticed a death yak
 12510 | Lair:5   | Noticed a death yak
 12511 | Lair:5   | Noticed a death yak
 12511 | Lair:5   | Noticed a death yak
 12511 | Lair:5   | Noticed a death yak
 12528 | Lair:5   | Killed a four-headed hydra
 12551 | Lair:5   | Killed a death yak
 12551 | Lair:5   | Reached skill level 10 in Fighting
 12564 | Lair:5   | Killed a death yak
 12590 | Lair:5   | Killed a death yak
 12599 | Lair:5   | Killed a death yak
 12599 | Lair:5   | Reached skill level 14 in Maces & Flails
 12604 | Lair:5   | Killed a death yak
 12796 | Lair:5   | Noticed a five-headed hydra
 12808 | Lair:5   | Killed a five-headed hydra
 12808 | Lair:5   | Reached skill level 1 in Slings
 12845 | Lair:5   | Noticed Snorg
 12852 | Lair:5   | Killed Snorg
 12852 | Lair:5   | Reached XP level 13. HP: 114/114 MP: 15/18
 12883 | Lair:5   | Received a gift from Okawaru
 13044 | Lair:5   | Found a staircase to the Slime Pits.
 13851 | Orc:1    | Entered Level 1 of the Orcish Mines
 13868 | Orc:1    | Paralysed by an orc sorcerer for 6 turns
 13951 | Orc:1    | Noticed Urug
 13969 | Orc:1    | Killed Urug
 13979 | Orc:1    | Reached skill level 1 in Crossbows
 14059 | Orc:1    | Reached skill level 1 in Spellcasting
 14259 | Orc:1    | Noticed Maurice
 14268 | Orc:1    | Killed Maurice
 14301 | Orc:1    | Found Dahap's Antique Armour Shop.
 14646 | Orc:2    | Entered Level 2 of the Orcish Mines
 14687 | Orc:2    | Found a staircase to the Elven Halls.
 14760 | Orc:2    | Reached skill level 15 in Maces & Flails
 15055 | Orc:1    | Received a gift from Okawaru
 15375 | Orc:1    | Got a pearl-encrusted plate armour {god gift}
 15387 | Orc:1    | Identified the +7 plate armour of Circular Logic {*Corrode
                  | Dex+5} (Okawaru gifted it to you on level 1 of the Orcish
                  | Mines)
 15390 | Orc:2    | Noticed an orc warlord
 15395 | Orc:1    | Reached skill level 10 in Invocations
 15829 | Orc:2    | Killed an orc warlord
 15832 | Orc:2    | Killed from afar by an orc high priest

Levels and vault maps discovered:
D:1:      psy_arrival_whirlpool, layout_basic
D:2:      minmay_angry_zag, layout_loops_corners, tgw_trog,
          overflow_temple_1_default
D:3:      layout_basic, nicolae_overflow_crystal_walls, zin_academy,
          elyvilon_altar_3, makhleb_blood_cavern_becter
D:4:      layout_layer_cave, hangedman_decor_diamond_cutter
D:5:      layout_basic, minmay_temple_entry_crystal_x, serial_shops, shop,
          first_ration, gup_sewer_entry_spiral
D:6:      layout_basic
D:7:      layout_cave_pools, grunt_temple_overflow_diamond, xom_teletrap_fun
D:8:      layout_basic, the_bakery
D:9:      layout_cave_pools, david_lair_shrubbed, david_orc_2
Lair:1:   layout_regular_city, lemuel_fruit_fields, infiniplex_staircase_pool_2
Lair:2:   layout_loops_ring, elwin_shoals_entry_rocks
Lair:3:   layout_roguey, minmay_snake_entry_guardpost_large,
          serial_bayou_shore_b
Lair:4:   layout_regular_city, nicolae_volcano_entry_lava_flow
Lair:5:   layout_regular_city, minmay_slime_entry_oklob_open,
          grunt_megastairs_3, serial_bayou_shore_a, uniq_snorg
Orc:1:    layout_diamond_mine, serial_shops, nicolae_shop_crystal, uniq_urug,
          uniq_maurice
Orc:2:    grunt_orc_gardens, layout_caves, grunt_orc_garden, grunt_orc_garden,
          grunt_orc_garden, grunt_orc_garden, serial_shops, shop,
          roderic_batcave

Skill      XL: |  1  2  3  4  5  6  7  8  9 10 11 12 13 |
---------------+----------------------------------------+-----
Fighting       | 4 5 6 7 8 9 10 11 | 11.2
Armour         | 4 5 6 8 9 10 11 | 11.5
Maces & Flails | 3 4 5 6 8 9 11 13 14 15 | 15.2
Shields        | 4 5 6 7 8 9 10 11 12 | 12.7
Dodging        | 1 2 3 4 |  4.7
Invocations    | 1 3 5 7 9 10 | 10.1
Earth Magic    | 1 |  1.0
Slings         | 1 3 |  3.2
Crossbows      | 3 |  3.0
Spellcasting   | 1 |  1.1
Stealth        | |  0.7

Action                   |  1- 3 |  4- 6 |  7- 9 | 10-12 | 13-15 || total
-------------------------+-------+-------+-------+-------+-------++-------
Melee: Flail             |    84 |       |       |       |       ||    84
       Headbutt          |     9 |    34 |    88 |   153 |    65 ||   349
       Whip              |    12 |   220 |   314 |       |       ||   546
       Morningstar       |       |       |    99 |   534 |   287 ||   920
 Fire: Fustibalus        |       |       |       |    14 |     8 ||    22
       Hand crossbow     |       |       |       |       |    47 ||    47
Invok: Heroism           |       |       |     9 |    24 |    10 ||    43
       Finesse           |       |       |       |     2 |     5 ||     7
  Use: Scroll            |     7 |     3 |    12 |    12 |     4 ||    38
       Potion            |       |     1 |       |     4 |     4 ||     9
  Eat: Chunk             |     1 |     7 |     5 |     7 |     5 ||    25
       Ration            |       |       |     3 |     4 |       ||     7
Armor: Scale mail        |    42 |    44 |    29 |       |       ||   115
       Chain mail        |       |       |    67 |   153 |    62 ||   282
       Plate armour      |       |       |       |       |    19 ||    19
Dodge: Dodged            |    23 |    49 |    77 |    90 |   112 ||   351
Block: Kite shield       |    71 |    92 |   190 |   279 |   307 ||   939
       Reflection        |       |       |       |    16 |     7 ||    23

Table legend:
 A = Non-vault XP
 B = Vault XP
 C = Vault XP percentage of total XP
 D = Non-vault monster count
 E = Vault monster count
 F = Vault count percentage of total count
                 A         B        C        D         E       F
            +---------+---------+-------+---------+---------+-------
      Total |   44792 |   15810 |  26.1 |     365 |      91 |  20.0
            +---------+---------+-------+---------+---------+-------
        D:1 |      32 |       0 |   0.0 |      21 |       0 |   0.0
        D:2 |     106 |      53 |  33.3 |      28 |      12 |  30.0
        D:3 |     100 |      43 |  30.1 |      20 |       1 |   4.8
        D:4 |     467 |       0 |   0.0 |      29 |       0 |   0.0
        D:5 |     377 |      26 |   6.5 |      15 |       6 |  28.6
        D:6 |     553 |       0 |   0.0 |      18 |       0 |   0.0
        D:7 |     863 |       0 |   0.0 |      19 |       0 |   0.0
        D:8 |    1419 |     234 |  14.2 |      24 |       1 |   4.0
        D:9 |    1752 |     526 |  23.1 |      14 |       9 |  39.1
     Lair:1 |    4904 |       0 |   0.0 |      18 |       0 |   0.0
     Lair:2 |    2517 |       0 |   0.0 |      12 |       0 |   0.0
     Lair:3 |    4747 |     645 |  12.0 |      21 |       4 |  16.0
     Lair:4 |    4345 |       0 |   0.0 |      11 |       0 |   0.0
     Lair:5 |   13030 |    2813 |  17.8 |      34 |       8 |  19.0
      Orc:1 |    6412 |    4059 |  38.8 |      53 |      10 |  15.9
      Orc:2 |    3168 |    4627 |  59.4 |      28 |      14 |  33.3
      Sewer |       0 |     148 | 100.0 |       0 |      18 | 100.0
    Volcano |       0 |    2636 | 100.0 |       0 |       8 | 100.0
            +---------+---------+-------+---------+---------+-------
